 Dungeon Crawl Stone Soup version 0.31.0-11-ge490571c62 (webtiles) character file.

Game seed: 6842209026565533144

2 mopl the Apothecary (level 1, -1/11 HPs)
             Began as an Octopode Alchemist on Feb 10, 2024.
             Slain by an endoplasm (2 damage)
             ... on level 1 of the Dungeon.
             The game lasted 00:00:10 (19 turns).

mopl the Apothecary (Octopode Alchemist)              Turns: 19, Time: 00:00:10

Health: -1/11      AC:  1    Str:  7    XL:     1   Next: 30%
Magic:  0/3        EV: 13    Int: 17    God:
Gold:   0          SH:  0    Dex: 12    Spells: 3/4 levels left

rFire   . . .        (no weapon)
rCold   . . .        (no shield)
rNeg    . . .        (helmet restricted)
rPois   .            (no amulet)
rElec   .            (no ring)
rCorr   .            (no ring)
SInv    .            (no ring)
Will    .....        (no ring)
Stlth   +++          (no ring)
HPRegen 0.21/turn    (no ring)
MPRegen 0.08/turn    (no ring)
                     (no ring)

%: no passive effects
@: no status effects
A: almost no armour, amphibious, 8 rings, camouflage 1, gelatinous body 1,
(nimble swimmer 1), tentacles
a: no special abilities


You were on level 1 of the Dungeon.
You visited 1 branch of the dungeon, and saw 1 of its levels.

Inventory:

Scrolls
 b - a scroll of torment {unknown}
Potions
 a - a potion of magic


   Skills:
 - Level 2.0 Dodging
 - Level 2.6 Stealth
 + Level 2.0 Spellcasting
 + Level 1.1 Conjurations
 + Level 3.3 Alchemy


You had 3 spell levels left.
You knew the following spells:

 Your Spells              Type           Power      Damage    Failure   Level
a - Sting                 Conj/Alch      36%        1d5       8%          1

Your spell library contained the following spells:

 Spells                   Type           Power      Damage    Failure   Level
 Mercury Vapours          Alch/Air       14%        N/A       14%         2
 Mephitic Cloud           Conj/Alch/Air  6%         N/A       32%         3
 Olgreb's Toxic Radiance  Alch           13%        N/A       43%         4
 Sticky Flame             Fire/Alch      7%         2d4       67%         4


Dungeon Overview and Level Annotations

Branches:
Dungeon (1/15)

Altars:


Innate Abilities, Weirdness & Mutations

You cannot wear most types of armour.
You are amphibious.
You can wear up to eight rings at the same time.
Your skin changes colour to match your surroundings (Stealth+).
Your rubbery body absorbs attacks. (AC +1, EV +1)
((You are camouflaged when in or above water. (Stealth+)))
You have tentacles for arms and can constrict up to eight enemies at once.


Message History

Welcome, mopl the Octopode Alchemist.
The heart of this dungeon contains the legendary artefact, the Orb of Zot.
Press ? for a list of commands and other information.
Found a scroll labelled NOIGGE OGITYC.
Found an escape hatch in the floor.
Found a staircase leading out of the dungeon.
Unknown command.
There is an escape hatch in the floor here.
b - a scroll labelled NOIGGE OGITYC A goblin and a kobold come into view.
A bat comes into view.
An endoplasm comes into view.
The sting hits the bat.
The bat is poisoned.
You kill the bat!
The goblin shouts!
You hear a shout!
The sting hits the goblin.
The goblin is poisoned.
The goblin is heavily wounded.
The endoplasm quivers.
The sting hits the goblin.
The goblin looks even sicker.
You kill the goblin!
Found 8 gold pieces.
The endoplasm freezes you.
You are frozen.
You tentacle-slap the endoplasm.
Your tentacle-slap misses the endoplasm.
You squeeze the endoplasm, but do no damage.
The endoplasm is lightly wounded.
The endoplasm misses you.
You tentacle-slap the endoplasm but do no damage.
The endoplasm is lightly wounded.
The kobold hits you with a +0 club.
* * * LOW HITPOINT WARNING * * *
The endoplasm hits you but does no damage.
You are too injured to fight recklessly!
You closely miss the kobold. You grab the kobold. You constrict the kobold.
The kobold hits you with a +0 club.
* * * LOW HITPOINT WARNING * * *
A frilled lizard comes into view.
The endoplasm hits you.
You die...

#........###
#......#...l...
#.......# ....
####.##.# ...#.
#### #.##.##.....
.....#.##......#
...............#
........).K...#...
..........@.......
###........J......
#...............
##............$.
##...#....#....
#####.####.... #..
... #. ..


You could see an endoplasm, a kobold and a frilled lizard (wandering).

Vanquished Creatures
  A goblin (D:1)
  A bat (D:1)
2 creatures vanquished.

Notes
Turn   | Place    | Note
-------+----------+-------------------------------------------
     0 | D:1      | mopl the Octopode Alchemist began the quest for the Orb.
     0 | D:1      | Reached XP level 1. HP: 11/11 MP: 3/3
    19 | D:1      | Slain by an endoplasm

Illustrated notes

Levels and vault maps discovered:
D:1:      dpeg_arrival_tiny_i, layout_rooms, nrook_uturn, serial_bayou_pond_a,
          minivault_25

Action                     || total
---------------------------++-------
  Melee: Unarmed           ||     3
         Constrict         ||     1
         Tentacles         ||     1
   Cast: Sting             ||     3
 Armour: Skin              ||     4
  Dodge: Dodged            ||     1
